General information
- name: BNet
- type: Ladder team game (AT/RT)
- host: Battle.net
- saver: DotAOwnsUrSh1t
map: Deadlands
- players: 8
- length: 28:03
- speed: Fast
- version: 1.26 W3XP
- replay type: Public
» download(205 KB)
Players
team 1 (winner)

»
Rus[Hackteam]AA (
orange | 134 APM | 3752 actions | 28:03)
8 Blademaster
3 Wind Walk
3 Critical Strike
1 Bladestorm
1 Mirror Image
» actions
| Assign group hotkey | 94 | |
| Basic commands | 209 | |
| Build / train | 94 | |
| ESC pressed | 3 | |
| Enter build submenu | 35 | |
| Enter hero's abilities submenu | 8 | |
| Give item / drop item | 1 | |
| Right click | 1538 | |
| Select / deselect | 535 | |
| Select group hotkey | 1097 | |
| Use ability | 133 | |
3752 total
» units
| Peon | 10 | |
| Grunt | 8 | |
| Troll Headhunter/Berserker | 28 | |
| Frost Wyrm | 2 | |
| Goblin Shredder | 1 | |
| Demolisher | 3 | |
52 total
» upgrades
| Ranged Weapons | 3 | |
| Armor | 3 | |
| Troll Regeneration | 1 | |
| Creature Attack | 2 | |
| Berserker Upgrade | 1 | |
| Backpack | 1 | |
| Burning Oil | 1 | |
12 total
» buildings
| Altar of Storms | 1 | |
| Orc Burrow | 8 | |
| Barracks | 3 | |
| Voodoo Lounge | 1 | |
| Stronghold | 1 | |
| War Mill | 1 | |
| Fortress | 3 | |
| Great Hall | 4 | |
| Watch Tower | 10 | |
| Boneyard | 3 | |
| Ziggurat | 2 | |
37 total
» build order
00:04 Altar of Storms
00:11 Orc Burrow
00:51 Barracks
01:43 Orc Burrow
01:47 Voodoo Lounge
03:36 Stronghold
03:38 War Mill
05:45 Orc Burrow
05:48 Barracks
06:35 Fortress
07:23 Great Hall
07:28 Watch Tower
07:31 Watch Tower
08:33 Watch Tower
08:33 Fortress
08:45 Watch Tower
10:47 Boneyard
10:48 Boneyard
11:03 Boneyard
15:46 Orc Burrow
15:46 Orc Burrow
15:53 Great Hall
16:47 Barracks
17:19 Ziggurat
17:20 Ziggurat
22:37 Orc Burrow
22:38 Orc Burrow
24:58 Orc Burrow
25:58 Great Hall
26:07 Great Hall
26:16 Watch Tower
26:17 Watch Tower
26:18 Watch Tower
27:30 Watch Tower
27:31 Watch Tower
27:32 Watch Tower
» items
| Healing Salve | 3 | |
| Lesser Clarity Potion | 6 | |
| Scroll of Town Portal | 2 | |
| Orb of Lightning | 1 | |
| Potion of Mana | 1 | |
| Potion of Healing | 1 | |
14 total
MeleeOrRange (
purple | 42 APM | 1167 actions | 28:03)
8 Demon Hunter
3 Evasion
3 Immolation
1 Metamorphosis
1 Mana Burn
6 Priestess of the Moon
3 Searing Arrows
2 Trueshot Aura
1 Starfall
» actions
| Basic commands | 71 | |
| Build / train | 102 | |
| Enter build submenu | 17 | |
| Enter hero's abilities submenu | 16 | |
| Give item / drop item | 5 | |
| Remove unit from queue | 2 | |
| Right click | 413 | |
| Select / deselect | 441 | |
| Use ability | 99 | |
1167 total
» units
| Wisp | 21 | |
| Druid of the Claw | 16 | |
| Goblin Shredder | 3 | |
| Dryad | 19 | |
59 total
» upgrades
| Strength of the Wild | 3 | |
| Reinforced Hides | 3 | |
| Druid of the Claw Training | 2 | |
| Mark of the Claw | 1 | |
| Abolish Magic | 1 | |
| Well Spring | 1 | |
| Ultravision | 1 | |
12 total
» buildings
| Moon Well | 5 | |
| Altar of Elders | 1 | |
| Tree of Ages | 1 | |
| Hunter's Hall | 1 | |
| Ancient of Wonders | 1 | |
| Ancient Protector | 2 | |
| Tree of Eternity | 1 | |
| Ancient of Lore | 2 | |
| Tree of Life | 2 | |
16 total
» build order
00:08 Moon Well
00:20 Altar of Elders
01:04 Moon Well
01:56 Moon Well
02:30 Tree of Ages
02:38 Hunter's Hall
02:49 Moon Well
03:03 Ancient of Wonders
03:54 Ancient Protector
04:52 Tree of Eternity
05:02 Ancient of Lore
05:24 Ancient of Lore
10:45 Moon Well
11:17 Tree of Life
11:45 Tree of Life
12:11 Ancient Protector
» items
| Rod of Necromancy | 1 | |
| Potion of Healing | 1 | |
| Scroll of Town Portal | 3 | |
| Orb of Venom | 1 | |
6 total
HHHHHHHHHHHHHHH (
yellow | 26 APM | 264 actions | 10:07)
3 Death Knight
2 Death Coil
1 Unholy Aura
» actions
| Assign group hotkey | 9 | |
| Build / train | 22 | |
| Enter build submenu | 12 | |
| Enter hero's abilities submenu | 3 | |
| Right click | 57 | |
| Select / deselect | 76 | |
| Select group hotkey | 64 | |
| Use ability | 21 | |
264 total
» units
| Acolyte | 3 | |
| Ghoul | 3 | |
| Crypt Fiend | 9 | |
15 total
» upgrades
» buildings
| Graveyard | 1 | |
| Ziggurat | 6 | |
| Crypt | 2 | |
| Altar of Darkness | 2 | |
| Halls of the Dead | 1 | |
| Black Citadel | 1 | |
| Sacrificial Pit | 1 | |
14 total
» build order
00:21 Graveyard
00:31 Ziggurat
00:47 Crypt
01:05 Altar of Darkness
01:24 Crypt
01:39 Ziggurat
03:34 Ziggurat
05:01 Halls of the Dead
05:54 Ziggurat
07:28 Black Citadel
08:12 Ziggurat
08:32 Ziggurat
08:35 Altar of Darkness
08:38 Sacrificial Pit
jpkingk (
teal | 34 APM | 948 actions | 28:03)
9 Death Knight
3 Death Coil
3 Unholy Aura
2 Animate Dead
1 Death Pact
» actions
| Build / train | 78 | |
| Enter build submenu | 23 | |
| Enter hero's abilities submenu | 12 | |
| Remove unit from queue | 5 | |
| Right click | 466 | |
| Select / deselect | 302 | |
| Use ability | 62 | |
948 total
» units
| Acolyte | 3 | |
| Ghoul | 3 | |
| Gargoyle | 11 | |
| Frost Wyrm | 28 | |
45 total
» upgrades
| Creature Carapace | 2 | |
| Creature Attack | 2 | |
| Freezing Breath | 1 | |
5 total
» buildings
| Ziggurat | 7 | |
| Altar of Darkness | 1 | |
| Crypt | 1 | |
| Tomb of Relics | 1 | |
| Graveyard | 1 | |
| Halls of the Dead | 1 | |
| Nerubian Tower | 1 | |
| Black Citadel | 1 | |
| Spirit Tower | 0 | |
| Sacrificial Pit | 1 | |
| Boneyard | 3 | |
18 total
» build order
00:08 Ziggurat
00:21 Altar of Darkness
00:58 Crypt
01:18 Tomb of Relics
02:30 Graveyard
03:26 Halls of the Dead
05:19 Ziggurat
05:23 Nerubian Tower
06:10 Ziggurat
06:15 Ziggurat
06:23 Black Citadel
08:19 Ziggurat
08:21 Spirit Tower
08:42 Ziggurat
08:45 Ziggurat
08:50 Sacrificial Pit
10:09 Boneyard
10:11 Boneyard
10:16 Boneyard
» items
| Potion of Mana | 3 | |
| Potion of Healing | 3 | |
| Orb of Lightning | 1 | |
7 total
team 2 (loser)
DotAOwnsUrSh1t (
pink | 146 APM | 4101 actions | 28:03)
5 Archmage
3 Summon Water Elemental
2 Brilliance Aura
» actions
| Assign group hotkey | 298 | |
| Basic commands | 421 | |
| Build / train | 112 | |
| ESC pressed | 9 | |
| Enter build submenu | 43 | |
| Enter hero's abilities submenu | 5 | |
| Give item / drop item | 1 | |
| Right click | 1473 | |
| Select / deselect | 797 | |
| Select group hotkey | 799 | |
| Use ability | 143 | |
4101 total
» units
| Peasant | 37 | |
| Footman | 9 | |
| Knight | 2 | |
| Mortar Team | 6 | |
| Flying Machine | 15 | |
69 total
» upgrades
| Defend | 1 | |
| Gunpowder | 3 | |
| Armor | 3 | |
| Masonry | 3 | |
| Swords | 2 | |
| Plating | 2 | |
| Flak Cannons | 1 | |
| Fragmentation Shards | 1 | |
| Flare | 1 | |
| Barrage | 1 | |
| Animal War Training | 1 | |
| Lumber Harvesting | 1 | |
| Reinforced Defenses | 1 | |
21 total
» buildings
| Lumber Mill | 3 | |
| Farm | 16 | |
| Barracks | 3 | |
| Altar of Kings | 1 | |
| Town Hall | 2 | |
| Blacksmith | 2 | |
| Scout Tower | 3 | |
| Keep | 3 | |
| Guard Tower | 3 | |
| Arcane Vault | 1 | |
| Castle | 1 | |
| Workshop | 4 | |
| Gryphon Aviary | 3 | |
45 total
» build order
00:19 Lumber Mill
01:05 Farm
01:19 Barracks
01:29 Farm
01:34 Altar of Kings
02:05 Farm
02:44 Farm
02:57 Farm
03:27 Farm
04:59 Farm
05:44 Farm
05:54 Town Hall
06:00 Farm
06:05 Blacksmith
06:28 Scout Tower
06:28 Scout Tower
06:32 Scout Tower
07:10 Keep
07:11 Keep
07:22 Guard Tower
07:52 Guard Tower
07:52 Guard Tower
08:00 Arcane Vault
08:22 Barracks
08:23 Barracks
09:17 Blacksmith
10:24 Castle
11:05 Workshop
11:05 Workshop
11:05 Workshop
11:06 Workshop
11:16 Farm
12:26 Farm
12:53 Farm
12:54 Farm
13:32 Farm
13:47 Lumber Mill
14:06 Farm
14:07 Farm
14:18 Lumber Mill
16:22 Town Hall
18:26 Gryphon Aviary
18:26 Gryphon Aviary
18:26 Gryphon Aviary
» items
| Scroll of Regeneration | 1 | |
| Lesser Clarity Potion | 1 | |
| Scroll of Healing | 1 | |
| Orb of Corruption | 1 | |
| Dust of Appearance | 2 | |
| Scroll of Town Portal | 2 | |
| Potion of Invisibility | 1 | |
9 total
qball (
red | 26 APM | 710 actions | 27:35)
8 Crypt Lord
1 Carrion Beetles
3 Spiked Carapace
3 Impale
1 Locust Swarm
1 Death Knight
1 Death Coil
» actions
| Assign group hotkey | 29 | |
| Basic commands | 11 | |
| Build / train | 52 | |
| Enter build submenu | 21 | |
| Enter hero's abilities submenu | 9 | |
| Right click | 282 | |
| Select / deselect | 215 | |
| Select group hotkey | 61 | |
| Use ability | 30 | |
710 total
» units
| Acolyte | 3 | |
| Ghoul | 3 | |
| Crypt Fiend | 21 | |
| Frost Wyrm | 5 | |
32 total
» upgrades
| Creature Attack | 2 | |
| Creature Carapace | 1 | |
| Web | 1 | |
4 total
» buildings
| Altar of Darkness | 1 | |
| Crypt | 2 | |
| Ziggurat | 8 | |
| Graveyard | 1 | |
| Tomb of Relics | 1 | |
| Halls of the Dead | 1 | |
| Sacrificial Pit | 1 | |
| Black Citadel | 1 | |
| Spirit Tower | 2 | |
| Boneyard | 2 | |
20 total
» build order
00:16 Altar of Darkness
00:23 Crypt
00:41 Ziggurat
01:01 Graveyard
01:45 Ziggurat
01:58 Tomb of Relics
03:39 Ziggurat
03:57 Ziggurat
04:45 Halls of the Dead
07:15 Sacrificial Pit
07:19 Crypt
08:34 Ziggurat
08:37 Ziggurat
10:08 Black Citadel
11:55 Spirit Tower
13:00 Boneyard
13:05 Boneyard
17:26 Ziggurat
17:32 Ziggurat
19:13 Spirit Tower
» items

»
Hulio-G (
blue | 34 APM | 862 actions | 25:08)
4 Crypt Lord
2 Impale
2 Carrion Beetles
1 Death Knight
1 Death Coil
» actions
| Basic commands | 22 | |
| Build / train | 63 | |
| Enter build submenu | 19 | |
| Enter hero's abilities submenu | 5 | |
| Right click | 416 | |
| Select / deselect | 286 | |
| Use ability | 51 | |
862 total
» units
| Acolyte | 9 | |
| Ghoul | 8 | |
| Crypt Fiend | 8 | |
| Gargoyle | 5 | |
30 total
» upgrades
» buildings
| Altar of Darkness | 2 | |
| Ziggurat | 8 | |
| Crypt | 4 | |
| Graveyard | 1 | |
| Nerubian Tower | 4 | |
| Halls of the Dead | 8 | |
| Spirit Tower | 1 | |
| Black Citadel | 5 | |
| Slaughterhouse | 1 | |
| Tomb of Relics | 1 | |
| Necropolis | 1 | |
36 total
» build order
01:02 Altar of Darkness
01:07 Ziggurat
01:39 Altar of Darkness
01:43 Ziggurat
01:52 Crypt
02:52 Graveyard
03:01 Nerubian Tower
03:30 Nerubian Tower
03:31 Nerubian Tower
05:35 Crypt
05:54 Halls of the Dead
05:55 Halls of the Dead
05:55 Halls of the Dead
05:55 Halls of the Dead
06:42 Halls of the Dead
06:42 Halls of the Dead
08:13 Ziggurat
08:13 Ziggurat
08:43 Ziggurat
08:44 Ziggurat
09:44 Spirit Tower
09:56 Nerubian Tower
10:49 Black Citadel
10:49 Black Citadel
10:49 Black Citadel
10:49 Black Citadel
17:10 Crypt
17:34 Slaughterhouse
19:13 Tomb of Relics
22:29 Crypt
22:37 Necropolis
23:13 Ziggurat
23:17 Ziggurat
» items
shade5 (
green | 34 APM | 844 actions | 25:01)
3 Shadow Hunter
2 Healing Wave
1 Serpent Ward
» actions
| Assign group hotkey | 6 | |
| Basic commands | 15 | |
| Build / train | 53 | |
| Enter build submenu | 29 | |
| Enter hero's abilities submenu | 3 | |
| Remove unit from queue | 1 | |
| Right click | 516 | |
| Select / deselect | 171 | |
| Select group hotkey | 16 | |
| Use ability | 34 | |
844 total
» units
| Peon | 7 | |
| Grunt | 12 | |
| Troll Headhunter/Berserker | 2 | |
| Wind Rider | 14 | |
| Demolisher | 6 | |
41 total
» upgrades
| Berserker Strength | 1 | |
| Envenomed Spears | 1 | |
| Burning Oil | 1 | |
3 total
» buildings
| Altar of Storms | 1 | |
| Orc Burrow | 8 | |
| Barracks | 1 | |
| War Mill | 1 | |
| Stronghold | 3 | |
| Beastiary | 1 | |
| Voodoo Lounge | 1 | |
| Watch Tower | 7 | |
| Fortress | 1 | |
| Great Hall | 2 | |
26 total
» build order
00:14 Altar of Storms
00:32 Orc Burrow
01:25 Barracks
01:58 Orc Burrow
02:22 War Mill
02:55 Orc Burrow
04:13 Stronghold
04:13 Stronghold
04:13 Stronghold
05:30 Orc Burrow
06:57 Beastiary
07:06 Voodoo Lounge
08:21 Watch Tower
08:56 Watch Tower
09:56 Watch Tower
10:08 Fortress
10:21 Orc Burrow
11:05 Watch Tower
11:29 Watch Tower
12:37 Orc Burrow
14:03 Orc Burrow
14:11 Watch Tower
16:25 Watch Tower
16:49 Orc Burrow
18:36 Great Hall
20:58 Great Hall
Chat log
(00:05 / All) DotAOwnsUrSh1t: OH NO IT'S RUSSIA HACKTEAM
(00:07 / All) Rus[Hackteam]AA: activating map hack
(00:09 / All) DotAOwnsUrSh1t: THE MOST FAMOUS HACKERS AROUND
(00:25 / All) DotAOwnsUrSh1t: OK EVERYONE ORANGE IS A KNOWN HACKER
(00:28 / All) DotAOwnsUrSh1t: HACKING RIGHT NOW
(00:32 / All) jpkingk: i think china is better :P
(00:35 / All) Rus[Hackteam]AA: pitiful american pigdogs
(00:37 / All) jpkingk: better hackers'
(00:41 / All) Rus[Hackteam]AA: prepare to lose to real player
(00:45 / All) Rus[Hackteam]AA: that doesn't need cheat to win
(00:46 / All) DotAOwnsUrSh1t: NAH RUSSIANS ARE THE BEST HACKERS
(00:51 / All) DotAOwnsUrSh1t: BECAUSE THEY UNDERSTAND WHAT NEEDS TO BE DONE TO WIN
(00:53 / All) Hulio-G: oj doesnt know shit about programming.
(00:56 / All) DotAOwnsUrSh1t: LOL
(00:59 / All) DotAOwnsUrSh1t: DOUBLELOL
(01:07 / All) Rus[Hackteam]AA: typical american capitalist pig
(01:14 / All) DotAOwnsUrSh1t: he's got you there
(01:16 / All) Rus[Hackteam]AA: envious of superior russian hack skills
(01:17 / Allies) qball: so is he really a hacker?
(01:18 / All) Hulio-G: What languages do you know?
(01:20 / All) Rus[Hackteam]AA: needs cheat to win
(01:22 / All) Hulio-G: he cant hack shit
(01:23 / Allies) DotAOwnsUrSh1t: ill let you guys figure that out
(01:25 / All) Rus[Hackteam]AA: i know HACK
(01:31 / All) Hulio-G: the only programmer here is probably me.
(01:31 / All) Rus[Hackteam]AA: is best language
(01:54 / All) DotAOwnsUrSh1t: yeah well you should start by programming a decent base
(02:07 / All) Rus[Hackteam]AA: american cannot play decent
(02:08 / Allies) shade5: lol
(02:13 / All) Hulio-G: have my own websites. including one with a game. '
(02:18 / All) Hulio-G: who told you i was american?
(02:58 / All) Rus[Hackteam]AA: pitiful american
(03:07 / All) Rus[Hackteam]AA: no match for hack
(03:20 / All) qball: i thought you dindt need hack to win?
(03:27 / All) Rus[Hackteam]AA: do not need cheat
(03:29 / All) Rus[Hackteam]AA: hack is not cheat
(03:44 / All) DotAOwnsUrSh1t: coming
(03:47 / All) DotAOwnsUrSh1t: but orange already knows that
(04:31 / Allies) shade5: oh god we are screwed
(04:31 / All) Hulio-G: anyone can google a warcraft hack if they really sucked that bad
(04:31 / All) Rus[Hackteam]AA: defeat american pigdog
(04:33 / All) Rus[Hackteam]AA: with ease
(04:42 / All) shade5: i wish i was with the russian dude
(04:45 / All) Hulio-G: you wasted a tp on a level 1. your a retard.
(04:50 / All) DotAOwnsUrSh1t: it's "you're"
(05:02 / All) Hulio-G: you spent 350. on a 170 revival.
(05:05 / All) qball: you guys are funny
(05:08 / All) Rus[Hackteam]AA: do not need tp
(05:09 / All) Rus[Hackteam]AA: have hack
(05:15 / All) Hulio-G: im not a forum i dont need grammar. i trust you guys are smart enough
(05:18 / All) Hulio-G: to understand.
(05:28 / All) Rus[Hackteam]AA: foolish assumption in game fill with american
(05:47 / All) Hulio-G: right because a game full of millions we're all americans.
(05:57 / All) shade5: lol
(06:05 / Allies) shade5: fuck this russian guys lets win please
(06:12 / All) DotAOwnsUrSh1t: YELLOW
(06:13 / Allies) qball: can we win?
(06:15 / All) DotAOwnsUrSh1t: STOP KILLING MY FARMS
(06:15 / Allies) shade5: ill make demolishers
(06:16 / All) DotAOwnsUrSh1t: AGAINST THE RULES
(06:17 / Allies) Hulio-G: i think pinks his butt buddy
(06:18 / Allies) qball: and is he really russian
(06:38 / All) Hulio-G: the funny thing is. he is probably american himself. just acting retarded lol
(06:50 / All) DotAOwnsUrSh1t: >american
(06:54 / All) DotAOwnsUrSh1t: >needs to "act retarded"
(06:55 / All) DotAOwnsUrSh1t: ROFL
(07:40 / All) Hulio-G: so you guys just hang out being racist all day rofl.
(07:51 / All) Rus[Hackteam]AA: american is not race
(09:47 / Allies) DotAOwnsUrSh1t: get BM
(10:07 / All) Hulio-G: owned oj im sorry
(10:31 / All) Hulio-G: he didnt have to log off tho lol. he forced it
(10:34 / All) qball: man what a bitch
(10:34 / All) Rus[Hackteam]AA: foolish american thinks is won
(10:36 / Allies) shade5: well, i fought with every grunt i had!
(10:41 / All) Hulio-G: i wanted it to be a fair game
(10:42 / All) Hulio-G: lol
(11:00 / All) Hulio-G: if i didnt say anything i think he woulda stayed
(11:01 / Allies) qball: brb
(11:05 / All) Hulio-G: sry oj lol
(11:28 / All) DotAOwnsUrSh1t: you realize orange is going to disc hack all of us
(11:32 / All) DotAOwnsUrSh1t: because that is what russian hackers do
(11:33 / All) DotAOwnsUrSh1t: right
(11:40 / All) Hulio-G: let me do so
(11:44 / All) Hulio-G: its bullshit
(11:47 / All) qball: well then atleast we know we won
(11:51 / All) Hulio-G: i know the computer world. been here for 14 years
(11:51 / Allies) shade5: coming red
(11:56 / Allies) shade5: dont tp
(12:01 / Allies) qball: im not
(12:10 / All) Rus[Hackteam]AA: american is 14 year old
(12:13 / Allies) shade5: ill defend
(12:15 / All) DotAOwnsUrSh1t: LOL
(12:15 / All) Hulio-G: nah im 23.
(12:16 / All) Rus[Hackteam]AA: is typical american child
(12:22 / All) DotAOwnsUrSh1t: i like the way orange thinks
(12:25 / All) Hulio-G: twice your LOLing immature age.
(12:35 / Allies) qball: anyone got gold?
(12:40 / Allies) qball: could really use some
(12:45 / Allies) DotAOwnsUrSh1t: all i got
(12:48 / All) Hulio-G: if your nice enough maybe i can teach you how to code some real shit.
(12:50 / Allies) qball: thanks i guess
(12:54 / Allies) DotAOwnsUrSh1t: sorry
(13:05 / All) Rus[Hackteam]AA: you code?
(13:10 / All) Rus[Hackteam]AA: you cannot even play video game
(13:13 / All) Rus[Hackteam]AA: and try to say can code hack
(13:14 / All) DotAOwnsUrSh1t: 10/10
(13:15 / All) Rus[Hackteam]AA: is amusing
(13:16 / All) Hulio-G: i told you i do. i know 8 languages.
(13:27 / Allies) DotAOwnsUrSh1t: yeah gtfo
(13:27 / All) Hulio-G: lol and you? loser
(13:33 / Allies) shade5: back blue
(13:33 / All) Rus[Hackteam]AA: this is amusing joke
(13:34 / Allies) shade5: back
(13:38 / Allies) DotAOwnsUrSh1t: idle
(13:39 / Allies) DotAOwnsUrSh1t: idle
(13:40 / All) jpkingk: LOL
(13:45 / All) Rus[Hackteam]AA: lose entire army
(13:48 / All) Rus[Hackteam]AA: still talk shi
(13:49 / All) Rus[Hackteam]AA: t
(13:53 / All) Rus[Hackteam]AA: perhaps need to cheat to win
(13:54 / All) Hulio-G: lol cause i was typing
(13:55 / All) jpkingk: what a shame :P
(13:56 / All) Rus[Hackteam]AA: like all american
(13:58 / All) Hulio-G: i didnt think u guys were there
(14:18 / All) Rus[Hackteam]AA: fatty fat american pigdog should watch map
(14:23 / Allies) Hulio-G: If there idiots they will attack my base
(14:34 / All) DotAOwnsUrSh1t: "If there idiots"
(14:35 / Allies) qball: fuck no relic really?
(14:48 / Allies) Hulio-G: it would be. if they're idiots
(14:52 / Allies) Hulio-G: but i trust your smart enough to understand pink
(14:58 / Allies) Hulio-G: and not as retarded as your clanmate
(15:10 / Allies) shade5: yup theyre idiots
(15:16 / Allies) shade5: counter?
(15:20 / Allies) DotAOwnsUrSh1t: yeah sure go
(15:25 / Allies) shade5: damn they left too soon
(15:27 / Allies) Hulio-G: did u kill all the wyrms?
(15:34 / Allies) Hulio-G: they gonna hit pink
(15:39 / Allies) DotAOwnsUrSh1t: oops
(16:11 / Allies) DotAOwnsUrSh1t: gotta save that
(16:18 / Allies) qball: omw
(16:45 / All) jpkingk: prup
(17:02 / Allies) Hulio-G: pink theres a night in my base
(17:49 / Allies) Hulio-G: idle wyrms
(17:52 / Allies) DotAOwnsUrSh1t: kill them
(17:57 / All) Hulio-G: nice micro on yellow oj
(17:58 / Allies) DotAOwnsUrSh1t: web
(18:10 / Allies) qball: woot lvl 6
(18:44 / Allies) qball: fuck so amny wyrms
(18:59 / Allies) Hulio-G: all tp?
(18:59 / Allies) qball: might need to tp
(19:02 / Allies) qball: and i dont have onw
(19:04 / Allies) Hulio-G: id rather kill oj
(19:07 / Allies) qball: cause blue didnt ahve a shop
(19:08 / Allies) Hulio-G: he seems more like a threat
(19:15 / Allies) Hulio-G: my fault
(19:18 / Allies) Hulio-G: il lmake
(20:27 / All) Rus[Hackteam]AA: easy win against american pig dog
(20:29 / Allies) Hulio-G: u guys lost that battle?
(20:33 / Allies) DotAOwnsUrSh1t: yes
(20:38 / Allies) qball: purp came back
(20:40 / Allies) DotAOwnsUrSh1t: orange killed red
(21:00 / Allies) qball: get ready to defend the shit our of blue
(21:07 / Allies) shade5: tp to blue
(21:16 / Allies) qball: i would if i ahd a hero
(21:17 / Allies) shade5: now
(21:18 / Allies) shade5: now
(21:40 / All) Rus[Hackteam]AA: foolish american pig dog
(21:45 / All) Rus[Hackteam]AA: next time, try use cheat
(21:48 / All) Rus[Hackteam]AA: like your comrades
(22:07 / All) qball: didnt you say maphack wasnt cheat?
(22:11 / All) Rus[Hackteam]AA: hack is hack
(22:13 / All) Rus[Hackteam]AA: is not cheat
(22:27 / All) Rus[Hackteam]AA: hack make game easier to play, but is not cheat
(22:28 / Allies) DotAOwnsUrSh1t: gonna regroup there
(23:03 / All) Rus[Hackteam]AA: is like say monitor is cheat
(23:04 / Allies) Hulio-G: god. i knew i shouldnt have tped to red. i think if i was up there we would have won
(23:07 / All) Rus[Hackteam]AA: monitor make game easier to plau
(23:11 / All) Rus[Hackteam]AA: is not cheat
(23:12 / Allies) qball: prolly
(23:16 / All) Rus[Hackteam]AA: only cheat is cheat
(23:19 / All) Rus[Hackteam]AA: hack is not cheat
(23:29 / Allies) qball: yeah guys i think this is the end
(23:32 / Allies) Hulio-G: no no
(23:36 / Allies) Hulio-G: we can regroup
(23:40 / Allies) Hulio-G: we have 4-5 mines still
(23:50 / All) jpkingk: i love double deathcoil
(24:02 / All) DotAOwnsUrSh1t: russia hackteam pretty much just proved
(24:04 / All) DotAOwnsUrSh1t: why hack is not cheat
(24:06 / All) DotAOwnsUrSh1t: And why russia always wins
(24:08 / All) DotAOwnsUrSh1t: holy crap
(24:14 / All) jpkingk: and he didnt map hack xD
(24:27 / All) DotAOwnsUrSh1t: when a russian on the internet says something
(24:29 / All) Rus[Hackteam]AA: need no maphack against american pig dogs
(24:29 / All) DotAOwnsUrSh1t: you have to believe him
(24:31 / All) Hulio-G: he said he did
(24:37 / Allies) Hulio-G: lol russians are so full of it
(24:45 / Allies) qball: my mine died
(24:49 / All) Hulio-G: lol russians are so full of themselves worse than spainards
(24:51 / Allies) qball: gonna need some gold...
(25:05 / All) Hulio-G: you guys just go around embarassing your country lol
(25:06 / Allies) qball: ty
(25:08 / Allies) DotAOwnsUrSh1t: np
(25:16 / All) Rus[Hackteam]AA: is not embarass
(25:22 / Allies) qball: just you and me now pink
(25:22 / All) Rus[Hackteam]AA: is glorious victory over capitalist pig
(25:27 / Allies) qball: personallyblue wasnt that good
(25:28 / Allies) DotAOwnsUrSh1t: yeah we're kind of fucked
(25:33 / Allies) DotAOwnsUrSh1t: lol he was 84-114
(25:36 / Allies) DotAOwnsUrSh1t: what did you expect
(25:48 / Allies) qball: man fuck idk i just starteed palying recently
(25:54 / Allies) DotAOwnsUrSh1t: well
(25:58 / Allies) DotAOwnsUrSh1t: you expect bad players in RT
(26:02 / Allies) DotAOwnsUrSh1t: it comes with the territory
(26:58 / Allies) DotAOwnsUrSh1t: yeah sorry
(26:58 / Allies) qball: yeah its over
(26:58 / Allies) DotAOwnsUrSh1t: tried
(27:00 / Allies) DotAOwnsUrSh1t: ggs
(27:03 / Allies) qball: we tried
(27:06 / All) DotAOwnsUrSh1t: orange
(27:12 / All) DotAOwnsUrSh1t: i swear if i ever find out what part of russia you live in
(27:16 / All) Rus[Hackteam]AA: rus is #1 in warcraft 3 as in war
(27:18 / All) Rus[Hackteam]AA: RUS #1
(27:20 / All) Rus[Hackteam]AA: RUS #1
(27:22 / All) jpkingk: look how man animate dead there are xD
(27:24 / All) DotAOwnsUrSh1t: yeah ok loll
(27:27 / All) DotAOwnsUrSh1t: gg
(27:29 / All) DotAOwnsUrSh1t: you got lucky nub
(27:34 / All) jpkingk: i took yellow give me credit! :D
(27:39 / All) DotAOwnsUrSh1t: gj
(27:46 / All) DotAOwnsUrSh1t: make sure to write it down on your resume
(27:50 / All) DotAOwnsUrSh1t: when you apply for jobs
(27:59 / All) DotAOwnsUrSh1t: sorrythatwasmean.jpg
(28:02 / All) DotAOwnsUrSh1t: okay gg